 Dungeon Crawl Stone Soup version 0.20-a0-303-g575bbf7 (webtiles) character file.

135 SolomonHUN the Chucker (level 4, 0/44 HPs)
             Began as a Troll Hunter on Dec 17, 2016.
             Killed from afar by an orc wizard (8 damage)
             ... with a magic dart
             ... on level 3 of the Dungeon.
             The game lasted 00:06:54 (2406 turns).

SolomonHUN the Chucker (Troll Hunter)               Turns: 2406, Time: 00:06:55

Health: 0/44       AC:  5    Str: 21    XL:     4   Next: 97%
Magic:  3/3        EV: 10    Int:  7    God:
Gold:   166        SH:  0    Dex: 10    Spells: 3/3 levels left

rFire  . . .     SeeInvis .       - Unarmed
rCold  . . .     Gourm    +     b - +0 robe
rNeg   . . .     Faith    .     (no shield)
rPois  .         Spirit   .     (helmet restricted)
rElec  .         Reflect  .     (no cloak)
rCorr  .         Harm     .     (gloves unavailable)
MR     .....                    (boots unavailable)
Stlth  +.........               (no amulet)
                                (no ring)
                                (no ring)

@: confused
A: unfitting armour, claws 3, fast metabolism 3, gourmand, regeneration 1,
shaggy fur 1, tough skin 2
a: no special abilities


You were on level 3 of the Dungeon.
You were very full.

You visited 1 branch of the dungeon, and saw 3 of its levels.

You collected 166 gold pieces.

Inventory:

Missiles
 c - 5 large rocks (quivered)
 d - 2 throwing nets
Armour
 b - a +0 robe (worn)
Scrolls
 a - 5 scrolls of remove curse {unknown}
 h - 4 scrolls of random uselessness {unknown}
 i - a scroll of magic mapping {unknown}
 j - a scroll of blinking {unknown}
 k - a scroll of noise {unknown}
 l - 2 scrolls of teleportation {unknown}
 n - a scroll of amnesia {unknown}
 o - 2 scrolls of identify {unknown}
 p - 2 scrolls of recharging {unknown}
Potions
 e - a potion of invisibility {unknown}
Comestibles
 f - 4 bread rations
 g - a meat ration


   Skills:
 + Level 2.5 Fighting
 * Level 4.4 Throwing
 - Level 1.5 Dodging
 - Level 0.3 Stealth
 * Level 2.8 Unarmed Combat


You had 3 spell levels left.
You didn't know any spells.

Dungeon Overview and Level Annotations

Branches:
Dungeon (3/15)

Altars:
Ashenzari

Annotations:
D:3 dondy's ghost, amateur HaWr


Innate Abilities, Weirdness & Mutations

You are too large for most types of armour.
You have claws for hands.
Your metabolism is lightning-fast.
You like to eat raw meat.
Your natural rate of healing is unusually fast.
You are covered in fur. (AC +1)
You have very tough skin. (AC +2)


Message History

You scratch the orc wizard.
The orc wizard is moderately wounded.
The orc wizard hits you but does no damage.
The orc wizard completely misses you.
You bump into the rock wall.
The orc wizard casts a spell at you. The magic dart hits you!
The orc wizard hits you with a dagger.
* * * LOW HITPOINT WARNING * * *
The orc wizard casts a spell at you. The magic dart hits you!
* * * LOW HITPOINT WARNING * * *
You miss the orc wizard.
The orc wizard is moderately wounded.
The orc wizard barely misses you. The orc wizard closely misses you.
You miss the orc wizard.
The orc wizard is moderately wounded.
The orc wizard hits you but does no damage.
The orc wizard casts a spell at you. The magic dart hits you!
You die...

#)# ♣♣♣♣♣♣.♣♣ ♣♣.....♣♣♣
#.# ♣♣(♣♣♣ ♣♣♣♣...♣ #.##
♣♣..♣♣♣ ♣♣...♣♣ #..##
♣♣♣..♣♣♣ ♣...... ##..##
♣♣♣..♣♣♣..♣♣♣♣ ##..###
♣♣♣....♣♣ #....####
♣♣♣♣♣♣ ##+##.)..####
.........o@oo###########
.........###Wo..........
......>..# #.......#
.........# #..†....#
.........# #.%.....#
#...##...# ####.......
#... ##### #....##.# ..
#...... # ##...###


You could see 2 orc wizards, dondy's ghost and 2 orcs.

Vanquished Creatures
  A worker ant (D:3)
  5 adders
  An ooze (D:3)
  2 worms (D:3)
  2 leopard geckos
  4 orcs (D:3)
  3 giant cockroaches
  4 goblins
  6 hobgoblins
  A jackal (D:3)
  2 quokkas (D:2)
  10 bats
  A frilled lizard (D:3)
  8 kobolds
  3 rats
53 creatures vanquished.

Notes
Turn   | Place    | Note
-------+----------+-------------------------------------------
     0 | D:1      | SolomonHUN the Troll Hunter began the quest for the Orb.
     0 | D:1      | Reached XP level 1. HP: 19/19 MP: 0/0
    69 | D:1      | Found a shattered altar of Ashenzari.
   804 | D:2      | Reached XP level 2. HP: 28/28 MP: 1/1
   820 | D:2      | Reached skill level 1 in Unarmed Combat
  1122 | D:2      | Reached skill level 4 in Throwing
  1198 | D:2      | Reached XP level 3. HP: 27/35 MP: 2/2
  1688 | D:3      | Reached XP level 4. HP: 24/42 MP: 3/3
  2394 | D:3      | Noticed dondy's ghost (amateur HaWr)
  2406 | D:3      | Killed from afar by an orc wizard

Vault maps used:
D:1:      dpeg_arrival_yet_another_circle, nicolae_ashenzari_panopticon
D:2:      first_bread
D:3:      kb_forest_paths, kennysheep_generic_room_12

Skill      XL: |  1  2  3 |
---------------+----------+-----
Unarmed Combat | 1 2 |  2.8
Throwing       | 4 |  4.4
Fighting       | 2 |  2.5
Dodging        | |  1.5
Stealth        | |  0.3

Action                   |  1- 3 |  4- 6 || total
-------------------------+-------+-------++-------
Melee: Unarmed           |    84 |    92 ||   176
 Stab: Sleeping          |     1 |     1 ||     2
  Eat: Chunk             |    12 |     6 ||    18
       Bread ration      |     2 |       ||     2
Armor: Robe              |    47 |    37 ||    84
Dodge: Dodged            |    45 |    61 ||   106
